 Dungeon Crawl Stone Soup version 0.18-a0-1140-g8540535 (webtiles) character file.

2586 Silkki the Skirmisher (level 9, -4/58 HPs)
             Began as a Gargoyle Fighter on Jan 21, 2016.
             Slain by an orc warrior
             ... wielding a +0 short sword
              (11 damage)
             ... on level 7 of the Dungeon.
             The game lasted 00:22:15 (7393 turns).

Silkki the Skirmisher (Gargoyle Fighter)            Turns: 7393, Time: 00:22:16

Health: -4/58      AC: 23    Str: 19    XL:     9   Next: 58%
Magic:  9/9        EV: 11    Int: 13    God:
Gold:   194        SH: 11    Dex: 14    Spells: 0 memorised, 8 levels left

rFire  . . .     SeeInvis .     a - +0 war axe
rCold  . . .     Gourm    .     y - +0 chain mail
rNeg   + . .     Faith    .     c - +0 shield
rPois  ∞         Spirit   .     t - +1 helmet
rElec  +         Dismiss  .     (no cloak)
rCorr  .         Reflect  .     k - +0 pair of gloves
SustAt .         Harm     .     A - +2 pair of boots {run}
MR     .....                    (no amulet)
Stlth  ..........               (no ring)
                                (no ring)

@: agile, hasted and slowed, quick, not resistant to hostile enchantments,
extremely unstealthy
A: negative energy resistance 1, electricity resistance, unbreathing,
petrification resistance, rot immunity, AC +5
a: no special abilities


You were on level 7 of the Dungeon.
You were very hungry.

You visited 2 branches of the dungeon, and saw 8 of its levels.
You also visited: Sewer.

You collected 194 gold pieces.

Inventory:

Hand Weapons
 a - a +0 war axe (weapon)
 b - a +2 whip of electrocution
 F - a +0 shortbow
Missiles
 i - a throwing net (quivered)
 n - 4 javelins
 G - 10 arrows of dispersal
Armour
 c - a +0 shield (worn)
 k - a +0 pair of gloves (worn)
 t - a +1 helmet (worn)
 y - a +0 chain mail (worn)
 A - a +2 pair of boots of running (worn)
Jewellery
 C - an uncursed ring of sustain attributes {unknown}
Wands
 z - a wand of lightning (12/15)
Scrolls
 e - 4 scrolls of amnesia {unknown}
 g - 2 scrolls of blinking {unknown}
 j - 2 scrolls of remove curse {unknown}
 p - 2 scrolls of enchant weapon {unknown}
 q - 3 scrolls of fog {unknown}
 D - 2 scrolls of recharging {unknown}
 H - a scroll of noise {unknown}
 I - 2 scrolls of random uselessness {unknown}
 K - a scroll of identify {unknown}
 M - 2 scrolls of teleportation {unknown}
 N - a scroll of fear {unknown}
Potions
 d - 6 potions of might
 h - 5 potions of curing {unknown}
 l - 3 potions of agility
 m - a potion of lignification {unknown}
 r - a potion of haste
 u - a potion of cure mutation {unknown}
 w - a potion of brilliance {unknown}
 x - a potion of flight {unknown}
 E - a potion of magic {unknown}
 L - a potion of heal wounds {unknown}
Comestibles
 f - 5 bread rations
 o - 2 beef jerkies
 s - 2 royal jellies
 v - 2 meat rations
 B - 2 fruits


   Skills:
 + Level 7.7 Fighting
 + Level 6.1 Axes
 + Level 7.7 Armour
 + Level 7.6 Shields


You had 8 spell levels left.
You didn't know any spells.

Dungeon Overview and Level Annotations

Branches:
Dungeon (7/15)             Temple (1/1) D:6

Altars:
Kikubaaqudgha
Makhleb
Nemelex Xobeh
Pakellas
Ru
Trog
Vehumet
Xom
Yredelemnul

Shops:
D:6 (

Annotations:
D:7 Joseph


Innate Abilities, Weirdness & Mutations

You are resistant to torment.
Your stone body is resilient (AC +5).
You are immune to poison.
You resist negative energy.
You are resistant to electric shocks.
You can survive without breathing.
You are immune to petrification.
You are immune to rotting.


Message History

The wight is heavily damaged.
You are feeling very hungry.
The hound bites you but does no damage.
The orc warrior hits you with a short sword!
* * * LOW HITPOINT WARNING * * *
You block the hound's attack. The wight hits you but does no damage.
The orc warrior hits you but does no damage.
You block the hound's attack. The wight hits you but does no damage.
Drink which item? (? for menu, Esc to quit)
It was a potion of agility.
You feel agile all of a sudden. You block the hound's attack.
The orc warrior misses you. The hound bites you but does no damage.
The wight hits you with a long sword.
* * * LOW HITPOINT WARNING * * *
Drink which item? (? for menu, Esc to quit)
It was a potion of haste.
You feel yourself speed up. The hound barely misses you.
You block the orc warrior's attack. The hound bites you but does no damage.
The wight barely misses you.
The orc warrior hits you with a short sword!
You die...

######
#....#
#....#
#z@).#
......)ho.#
...###.!..#
. #....#
#....#
#....#
######


You could see an orc warrior, a hound and a wight.

Vanquished Creatures
  Pikel (D:4)
  Prince Ribbit (D:6)
  Edmund (D:3)
  A sky beast (D:6)
  3 ice beasts
  2 phantoms
  The ghost of Sagrath01 the Shield-Bearer, an amateur HOFi (D:4)
  A slave (D:4)
  2 centaurs (D:5)
  2 giant frogs (D:6)
  A crimson imp (D:5)
  2 hounds
  2 centaur skeletons
  A jelly (D:5)
  2 giant frog skeletons (D:6)
  2 iguanas (D:7)
  3 orc wizards
  5 worker ants
  A killer bee zombie (D:6)
  A hound skeleton (D:4)
  Robin (D:3)
  2 gnolls (D:1)
  8 adders
  6 river rats (Sewer)
  5 shadow imps
  An ooze (D:3)
  A worm (D:2)
  8 giant geckos
  17 orcs
  2 ball pythons
  14 giant cockroaches
  15 goblins
  7 hobgoblins
  5 jackals
  A quokka (D:2)
  8 bats
  A giant cockroach zombie (D:6)
  A giant gecko skeleton (D:6)
  21 giant newts
  5 kobolds
  18 rats
182 creatures vanquished.

Vanquished Creatures (others)
  A hippogriff (D:5)
  A hound (D:4)
  2 orc wizards
4 creatures vanquished.

Grand Total: 186 creatures vanquished

Notes
Turn   | Place    | Note
--------------------------------------------------------------
     0 | D:1      | Silkki the Gargoyle Fighter began the quest for the Orb.
     0 | D:1      | Reached XP level 1. HP: 14/14 MP: 1/1
   137 | D:1      | Reached XP level 2. HP: 5/19 MP: 2/2
   439 | D:1      | Reached XP level 3. HP: 13/23 MP: 3/3
  1257 | D:2      | Reached XP level 4. HP: 22/29 MP: 4/4
  1257 | D:2      | Reached skill level 4 in Fighting
  1751 | D:2      | Reached XP level 5. HP: 31/34 MP: 5/5
  2165 | D:3      | Found a faded altar to an unknown god.
  2818 | D:4      | Noticed Robin
  2822 | D:4      | Noticed Edmund
  2846 | D:3      | Killed Robin
  2874 | D:3      | Killed Edmund
  2874 | D:3      | Reached skill level 5 in Fighting
  2874 | D:3      | Reached XP level 6. HP: 19/40 MP: 6/6
  3065 | D:4      | Noticed Sagrath01's ghost (amateur HOFi)
  3337 | D:4      | Killed Sagrath01's ghost
  3430 | D:4      | Noticed a phantom
  3491 | D:4      | Killed a phantom
  3491 | D:4      | Reached skill level 5 in Armour
  3491 | D:4      | Reached skill level 5 in Shields
  3491 | D:4      | Reached XP level 7. HP: 27/44 MP: 7/7
  3717 | D:4      | You fall through a shaft!
  3717 | D:5      | Entered Level 5 of the Dungeon
  3717 | D:5      | Found an ancient bone altar of Kikubaaqudgha.
  3766 | D:5      | Identified a +2 pair of boots of running (You found it on level 5 of the Dungeon)
  4097 | D:4      | Noticed Pikel
  4134 | D:4      | Killed Pikel
  4134 | D:4      | Reached skill level 6 in Fighting
  4134 | D:4      | Reached XP level 8. HP: 45/51 MP: 8/8
  4772 | D:5      | Reached skill level 5 in Axes
  5293 | D:5      | Found an oddly glowing altar of Pakellas.
  5293 | D:5      | Noticed an orange crystal statue
  5577 | D:6      | Reached XP level 9. HP: 56/56 MP: 9/9
  5665 | D:6      | Found a glowing drain.
  5699 | Sewer    | Entered a sewer
  5840 | Sewer    | Reached skill level 7 in Armour
  6212 | D:6      | Found a staircase to the Ecumenical Temple.
  6240 | D:6      | Noticed Prince Ribbit
  6285 | Temple   | Entered the Ecumenical Temple
  6467 | D:6      | Killed Prince Ribbit
  6677 | D:6      | Found Hefalita's Weapon Shoppe.
  7093 | D:7      | Noticed Joseph
  7393 | D:7      | Slain by an orc warrior

Vault maps used:
D:1:      minmay_arrival_checkered_box, grunt_decor_fettered, minivault_4,
          minmay_newt_pond
D:2:      st_stairs_9
D:3:      first_bread, ecumenical_altar_2
D:4:      uniq_pikel, uniq_edmund, uniq_robin
D:5:      basic_altar, grunt_ministairs_4, gammafunk_pakellas_statue_experiment
D:6:      minmay_temple_entry_steel_oval, serial_shops, shop,
          gup_sewer_entry_pipe, moated_statue, uniq_prince_ribbit1
D:7:      good_gods_mini_temple, uniq_joseph
Temple:   jpeg_temple_clearing_9
Sewer:    sewer_co_cracked_pipes

Action                   |  1- 3 |  4- 6 |  7- 9 || total
-------------------------+-------+-------+-------++-------
Melee: War axe           |   152 |   250 |   523 ||   925
Throw: Throwing net      |       |       |     2 ||     2
  Use: Potion            |       |       |     3 ||     3
  Eat: Chunk             |     1 |     8 |    11 ||    20
       Beef jerky        |       |       |     1 ||     1
